Map: King of Braxis Station

Players

MrFercho

  • Race: Terran Terran
  • Spawn Location: 1:00

TATORREA

  • Race: Terran Terran
  • Spawn Location: 6:00

tigro

  • Race: Terran Terran
  • Spawn Location: 3:00

IA (Más difícil)

  • Race: Terran Terran
  • Spawn Location: 11:00

IA (Más difícil)

  • Race: Terran Terran
  • Spawn Location: 5:00

IA (Más difícil)

  • Race: Terran Terran
  • Spawn Location: 12:00

VOD

Have the link to the VOD?

Description

Time

  • Played on: March 25, 2020, 9:29 p.m.
  • Length: 16:12
Show
View Real Time Build Order
Export as new Build Order

MrFercho Terran 

Build Orders:  

Get SALT Encoding   

  12  0:02  SCV  
  13  0:17  Supply Depot  
  13  0:25  SCV  
  14  0:34  Engineering Bay  
  14  0:37  SCV  
  15  0:44  Refinery  
  15  1:08  Barracks  
  15  1:10  SCV  
  16  1:23  SCV  
  17  1:35  SCV  
  18  1:53  SCV  
  18  2:01  Factory  
  18  2:05  SCV  
  19  2:09  Refinery  
  19  2:17  SCV  
  20  2:27  Supply Depot  
  20  2:29  SCV  
  21  2:33  Terran Infantry Weapons Level 1  
  21  2:41  SCV  
  22  2:47  Barracks Reactor  
  22  2:59  Orbital Command  
  22  3:24  Factory Tech Lab  
  22  3:30  Marine  
  22  3:31  Marine  
  24  3:48  Marine x2  
  25  3:58  Siege Tank  
  28  4:06  Marine x2  
  30  4:10  SCV  
  31  4:28  Armory, Terran Infantry Armor Level 1  
  31  4:31  Supply Depot  
  31  4:36  Supply Depot  
  31  4:53  Siege Tank, SCV  
  31  4:56  Supply Depot  
  35  5:00  Supply Depot  
  35  5:05  SCV  
  36  5:17  SCV  
  37  5:29  SCV  
  38  5:41  SCV  
  39  6:30  Command Center  
  39  6:54  Barracks  
  39  6:57  Barracks  
  39  6:59  Starport  
  39  7:00  Starport  
  39  7:02  Starport  
  39  7:04  Starport  
  39  7:40  SCV  
  40  7:52  SCV  
  41  8:02  Engineering Bay  
  41  8:04  SCV  
  42  8:13  Armory  
  42  8:16  SCV  
  42  8:18  Armory  
  43  8:28  SCV  
  44  8:35  Refinery  
  44  8:41  Refinery, Starport Tech Lab  
  44  8:49  Starport Tech Lab x3  
  44  9:07  Barracks Tech Lab x2  
  31  10:20  Banshee x4  
  43  10:45  Marine  
  43  10:46  Marine x2  
  43  10:47  Marauder  
  48  11:03  Medivac x2  
  54  11:04  Marauder  
  54  11:14  Unknown  
  54  11:16  Command Center  
  54  11:18  Marine  
  54  11:19  Marine  
  54  11:20  Marine  
  54  11:25  Marine  
  58  11:38  Marauder  
  60  11:41  Factory  
  60  11:43  Marauder, Factory  
  60  11:44  Fusion Core, Terran Vehicle Weapons Level 1  
  60  11:45  Terran Ship Weapons Level 1, Terran Vehicle And Ship Armor Level 1  
  62  11:48  Terran Infantry Weapons Level 2  
  62  12:31  Fusion Core, Factory Tech Lab x2  
  62  12:38  Thor  
  68  12:46  SCV  
  69  12:58  SCV  
  69  13:04  Siege Tank  
  73  13:15  Orbital Command  
  73  13:39  Combat Shield  
  73  13:40  Concussive Shells  
  73  13:48  Thor  
Show
View Real Time Build Order
Export as new Build Order

TATORREA Terran 

Build Orders:  

Get SALT Encoding   

  12  0:13  Refinery  
  12  0:19  Refinery  
  12  0:24  SCV  
  13  0:36  SCV  
  14  0:48  SCV  
  15  1:15  Supply Depot  
  15  1:37  SCV  
  15  1:38  Supply Depot  
  16  1:49  SCV  
  17  2:00  Supply Depot  
  17  2:01  SCV  
  18  2:13  SCV  
  19  2:23  Supply Depot  
  19  2:25  SCV  
  20  2:37  SCV  
  20  2:40  Barracks  
  21  2:45  Supply Depot  
  21  2:49  SCV  
  22  3:02  SCV  
  23  3:08  Supply Depot  
  23  3:20  SCV  
  24  3:29  Engineering Bay  
  24  3:31  Supply Depot  
  24  3:32  SCV  
  25  3:41  Barracks Tech Lab  
  25  3:45  SCV  
  26  3:54  Supply Depot  
  26  3:57  Ghost Academy, SCV  
  27  4:09  SCV  
  28  4:10  Terran Infantry Weapons Level 1  
  28  4:20  Marine  
  29  4:32  Personal Cloaking  
  29  4:38  Marine  
  30  4:50  Factory  
  30  4:55  Supply Depot  
  30  4:56  Marine  
  31  5:07  Orbital Command  
  31  5:13  Marine  
  32  5:17  Supply Depot  
  28  5:39  Hellion  
  30  5:55  Armory  
  30  6:00  Hellion  
  32  6:04  Terran Infantry Armor Level 1  
  20  6:21  Hellion  
  22  6:27  Reaper  
  23  6:43  Hellion  
  25  7:00  Reaper  
  26  7:04  Hellion  
  28  7:09  SCV  
  28  7:10  Starport  
  29  7:21  SCV  
  30  7:25  Hellion  
  32  7:32  Supply Depot, Reaper  
  32  7:33  SCV  
  34  7:46  SCV  
  34  7:47  Hellion  
  37  7:55  Supply Depot  
  37  7:58  Hi-Sec Auto Tracking, SCV  
  38  8:03  Marine  
  39  8:10  SCV  
  40  8:21  Marine  
  40  8:22  SCV  
  40  8:26  Supply Depot  
  42  8:34  SCV  
  42  8:39  Reaper  
  44  8:41  Fusion Core  
  44  8:46  SCV  
  45  8:49  Nuke  
  45  8:55  Neosteel Armor  
  45  8:58  Terran Vehicle Weapons Level 1  
  45  9:11  Reaper  
  45  9:15  Supply Depot  
  46  9:31  Enhanced Shockwaves  
  46  9:38  Supply Depot  
  46  9:41  Factory Tech Lab  
  46  9:43  Marine  
  47  10:01  Supply Depot, Marine  
  47  10:05  SCV  
  49  10:15  Thor  
  49  10:17  SCV  
  49  10:19  Marine  
  57  10:24  Supply Depot  
  57  10:30  SCV  
  57  10:31  Starport Tech Lab  
  58  10:37  Marine  
  58  10:42  SCV  
  60  10:53  Terran Ship Weapons Level 1  
  60  10:54  SCV  
  60  10:55  Reaper  
  62  10:58  Rapid Reignition System, Thor  
  68  11:14  Supply Depot  
  68  11:19  Terran Infantry Weapons Level 2  
  68  11:27  Reaper  
  69  11:55  Advanced Ballistics  
  69  12:11  Thor  
  75  12:31  Marauder  
  77  12:52  Marauder  
  79  13:14  Marauder, Weapon Refit  
  81  13:28  Battlecruiser  
  87  13:35  Marauder  
  89  13:56  Marauder  
  91  14:28  Supply Depot  
  91  14:50  Supply Depot  
  91  14:52  Marine  
  92  15:10  Marine  
  93  15:28  Marine  
  100  15:46  Marine  
Show
View Real Time Build Order
Export as new Build Order

tigro Terran 

Build Orders:  

Get SALT Encoding   

  12  0:04  SCV  
  13  0:19  Supply Depot  
  13  0:20  SCV  
  14  0:30  Refinery  
  14  0:32  SCV  
  15  0:38  Refinery  
  15  0:56  SCV  
  16  0:57  Barracks  
  16  1:08  SCV  
  17  1:20  SCV  
  18  1:29  Supply Depot  
  18  1:32  SCV  
  19  1:44  SCV  
  20  1:49  Marine  
  21  2:07  Barracks, Marine  
  22  2:20  Engineering Bay  
  22  2:25  Marine  
  23  2:42  Orbital Command  
  23  2:43  Marine  
  24  2:55  Supply Depot  
  24  3:01  Marine  
  25  3:11  Factory  
  25  3:18  Marine  
  26  3:50  Barracks Tech Lab, Missile Turret  
  26  4:00  Barracks Tech Lab  
  26  4:13  Factory  
  26  4:22  Combat Shield  
  26  4:26  Missile Turret  
  26  4:28  Factory Tech Lab  
  26  4:31  Terran Infantry Weapons Level 1  
  26  4:57  Missile Turret  
  26  5:02  Factory Tech Lab  
  26  5:12  Armory  
  26  5:31  Marauder  
  28  5:41  Stimpack  
  28  5:53  Marauder  
  30  6:06  Siege Tank  
  30  6:09  Siege Tank  
  36  6:14  Marauder  
  38  6:24  Supply Depot  
  38  6:26  Terran Infantry Armor Level 1  
  38  6:28  Starport  
  38  6:30  Marine  
  39  6:36  Marine  
  40  6:48  Marine  
  40  6:54  Marine  
  42  7:05  Marine  
  43  7:11  Marine  
  44  7:21  Concussive Shells  
  44  7:23  Marine  
  44  7:29  Marine  
  46  7:37  Starport, Starport Tech Lab  
  46  7:40  Terran Vehicle Weapons Level 1  
  46  7:41  Marine  
  47  7:47  Marine  
  48  7:59  Marine  
  48  8:05  Marine  
  50  8:08  Medivac  
  52  8:17  Marine  
  52  8:19  Neosteel Armor  
  53  8:34  Marine, Starport Tech Lab  
  53  8:36  Fusion Core  
  54  8:52  Marine  
  55  9:34  Terran Vehicle And Ship Armor Level 1  
  55  9:46  Missile Turret  
  55  9:57  Battlecruiser  
  61  10:00  Hi-Sec Auto Tracking, Weapon Refit  
  61  10:21  Missile Turret  
  61  10:56  Terran Infantry Weapons Level 2  
  61  11:27  Command Center  
  61  11:28  Terran Ship Weapons Level 1  
  61  11:43  Unknown  
  61  11:47  Rapid Reignition System  
  61  12:42  Planetary Fortress  
  61  12:44  Advanced Ballistics  
  61  12:52  SCV  
  62  13:04  SCV  
  63  13:08  Missile Turret  
  63  13:22  Terran Vehicle And Ship Armor Level 2  
  63  13:26  SCV  
  64  13:38  SCV  
  64  13:39  Missile Turret  
  65  13:50  SCV  
  66  13:56  Battlecruiser  
  66  13:58  Thor  
  66  14:02  SCV  
  79  14:03  Medivac  
  81  14:14  SCV  
  81  14:16  Missile Turret  
Show
View Real Time Build Order
Export as new Build Order

IA (Más difícil) Terran 

Build Orders:  

Get SALT Encoding   

  12  0:01  SCV  
  13  0:13  SCV  
  14  0:19  Supply Depot  
  14  0:25  SCV  
  15  0:40  SCV  
  16  0:46  Barracks  
  16  0:48  Refinery  
  16  0:52  SCV  
  17  1:05  SCV  
  18  1:17  SCV  
  19  1:19  Supply Depot  
  19  1:29  SCV  
  20  1:33  Marine  
  20  1:37  Barracks  
  21  1:42  Orbital Command  
  21  1:46  Refinery  
  21  1:52  Barracks Tech Lab  
  21  2:05  Supply Depot  
  21  2:10  Marine  
  22  2:27  Marine  
  22  2:28  Marauder  
  25  2:40  Supply Depot  
  25  2:45  Marine  
  25  2:50  Marauder  
  28  2:59  SCV  
  28  3:03  Marine  
  30  3:10  Engineering Bay  
  30  3:11  Marauder, SCV  
  33  3:20  Supply Depot  
  33  3:21  Marine  
  33  3:23  SCV  
  35  3:33  Marauder  
  37  3:36  SCV  
  37  3:38  Marine  
  39  3:48  SCV  
  40  3:54  Marauder  
  42  3:56  Marine  
  42  4:00  SCV  
  44  4:12  SCV  
  44  4:14  Marine  
  46  4:24  SCV  
  47  4:53  Barracks Tech Lab  
  47  4:54  Stimpack  
  47  4:56  Factory  
  47  4:58  Ghost Academy  
  47  5:02  Marine, Factory  
  47  5:05  Supply Depot  
  48  5:11  Combat Shield, Marine  
  49  5:20  Marine  
  50  5:26  Terran Infantry Weapons Level 1  
  50  5:29  Ghost  
  52  5:42  Factory Tech Lab, Missile Turret  
  52  5:46  Starport  
  52  5:47  Marine  
  52  5:51  Missile Turret  
  52  5:57  Starport, Factory Tech Lab  
  52  5:58  Marauder  
  54  6:12  Ghost  
  54  6:18  Bunker  
  56  6:25  Barracks, Starport Tech Lab  
  56  6:30  Concussive Shells  
  56  6:33  Starport Tech Lab  
  56  6:50  Raven  
  56  6:53  Supply Depot  
  58  7:20  Terran Infantry Armor Level 1  
  58  7:27  Raven, SCV  
  60  7:49  Sensor Tower  
  60  8:08  Armory  
  60  8:14  Barracks Reactor  
  60  8:52  Viking  
  62  8:56  Factory  
  62  9:13  Starport  
  62  9:40  Factory Tech Lab  
  62  9:42  Siege Tank  
  65  9:45  Supply Depot  
  65  9:48  Widow Mine  
  65  9:49  Starport Reactor  
  67  9:57  Engineering Bay  
  67  10:02  Viking  
  69  10:19  SCV  
  69  10:20  Viking  
  58  10:31  SCV  
  33  11:31  Marine  
  22  11:37  Marine  
  23  11:42  Marine  
  24  12:47  Hellion  
  24  12:50  Marine  
  27  12:59  Marine  
  28  13:09  Hellion  
Show
View Real Time Build Order
Export as new Build Order

IA (Más difícil) Terran 

Build Orders:  

Get SALT Encoding   

  12  0:01  SCV  
  13  0:13  SCV  
  14  0:19  Supply Depot  
  14  0:25  SCV  
  15  0:41  SCV  
  16  0:46  Barracks  
  16  0:50  Refinery  
  16  0:53  SCV  
  17  1:05  SCV  
  18  1:17  SCV  
  19  1:25  Supply Depot  
  19  1:31  SCV  
  20  1:33  Marine  
  21  1:44  Orbital Command  
  21  1:46  Barracks  
  21  1:51  Marine  
  22  1:55  Refinery  
  22  2:10  Barracks Tech Lab  
  22  2:15  Supply Depot  
  22  2:26  Factory  
  22  2:28  Marine  
  23  2:46  Marauder  
  25  2:51  Marine  
  26  3:07  Marine  
  26  3:09  Marine  
  28  3:13  Starport  
  28  3:16  Supply Depot  
  28  3:25  Marauder  
  30  3:32  SCV  
  31  3:44  SCV  
  31  3:47  Marauder  
  34  3:49  Engineering Bay  
  34  3:52  Starport Tech Lab  
  34  3:57  SCV  
  34  3:59  Supply Depot  
  35  4:09  SCV  
  36  4:11  Banshee  
  39  4:21  SCV  
  40  4:33  SCV  
  41  4:45  SCV  
  41  4:54  Banshee  
  41  4:57  SCV  
  41  4:58  Barracks Tech Lab  
  45  5:01  Factory  
  45  5:02  Ghost Academy, Factory Tech Lab  
  45  5:05  Starport  
  45  5:09  SCV  
  45  5:13  Stimpack  
  46  5:27  Marine  
  47  5:29  Supply Depot  
  47  5:31  Combat Shield  
  47  5:32  Ghost  
  48  5:43  Starport Tech Lab  
  48  5:44  Marine  
  48  5:45  Factory Tech Lab  
  35  6:01  Marauder  
  35  6:03  Marauder  
  39  6:15  Terran Infantry Weapons Level 1  
  39  6:22  Marine  
  39  6:24  Marine  
  41  6:40  Marine  
  41  6:42  Marauder  
  44  6:48  Supply Depot  
  44  6:50  Concussive Shells  
  44  6:58  Marine  
  45  7:03  Marine  
  46  7:15  Missile Turret  
  46  7:16  Marine  
  46  7:21  Marine  
  46  7:22  Missile Turret  
  48  7:33  Ghost  
  50  7:38  Marine  
  51  7:45  Bunker  
  51  7:47  Raven  
  53  7:52  Barracks  
  53  7:57  Marauder  
  55  8:02  Marine  
  56  8:09  Terran Infantry Armor Level 1  
  56  8:18  Marine  
  57  8:20  Marauder  
  57  8:24  Raven  
  61  8:36  Marauder  
  63  8:45  Sensor Tower  
  63  8:51  SCV  
  63  8:57  Viking  
  63  8:59  Supply Depot  
  65  9:07  Barracks Reactor  
  65  9:30  Factory  
  65  9:42  SCV  
  65  9:51  Starport  
  63  10:02  Viking  
  65  10:13  Factory Tech Lab  
  60  10:28  Starport Reactor  
  60  10:35  Siege Tank  
  63  10:41  Widow Mine  
  65  10:54  Viking  
  67  11:12  Banshee  
  67  11:13  Engineering Bay  
  69  11:26  Marine  
  69  11:31  Medivac  
  69  11:32  Marine  
  55  11:38  Marine  
  47  11:43  Marine  
  48  11:49  Marine  
  49  11:55  Marine  
  49  12:00  Marine  
  51  12:06  Marine  
  51  12:08  Raven  
  54  12:44  Raven  
  54  12:49  Hellion  
  58  12:53  Marauder  
  58  12:57  Hellion  
  62  13:00  Marine  
  62  13:03  Marine  
  64  13:14  Marauder  
  64  13:16  Siege Tank  
  69  13:39  Siege Tank  
  72  13:41  Supply Depot  
  72  13:58  Medivac  
  74  14:16  Medivac  
  76  14:53  Raven  
  76  14:56  Supply Depot  
  76  14:58  Marauder  
  80  15:02  Marauder  
  82  15:18  Hellion  
  82  15:19  Marauder  
  82  15:20  Supply Depot  
  86  15:22  Hellion  
  86  15:25  Viking  
  90  15:35  Viking  
  92  15:47  Supply Depot  
Show
View Real Time Build Order
Export as new Build Order

IA (Más difícil) Terran 

Build Orders:  

Get SALT Encoding   

  12  0:01  SCV  
  13  0:13  SCV  
  14  0:18  Supply Depot  
  14  0:25  SCV  
  15  0:40  SCV  
  15  0:41  Barracks  
  16  0:47  Refinery  
  16  0:52  SCV  
  17  1:04  SCV  
  18  1:16  SCV  
  19  1:19  Supply Depot  
  19  1:29  SCV  
  19  1:30  Marine  
  21  1:38  Barracks  
  21  1:41  Orbital Command  
  21  1:46  Refinery  
  21  1:48  Barracks Tech Lab  
  21  2:02  Factory  
  21  2:06  Marine  
  22  2:18  Supply Depot  
  22  2:24  Marine  
  22  2:25  Marine  
  24  2:42  Marine  
  24  2:43  Marine  
  26  2:46  Hellion  
  26  2:50  Supply Depot  
  28  3:00  Marine x2  
  30  3:08  Hellion  
  32  3:18  Marine  
  33  3:22  Supply Depot  
  33  3:24  SCV  
  34  3:29  Hellion  
  36  3:36  SCV  
  36  3:38  Engineering Bay  
  37  3:48  SCV  
  37  3:50  Hellion  
  40  4:00  SCV  
  41  4:12  Hellion, SCV  
  44  4:25  SCV  
  45  4:33  Hellion  
  45  4:37  SCV  
  48  4:41  Supply Depot  
  48  4:47  Marauder, Barracks Tech Lab  
  48  4:49  SCV  
  51  4:53  Factory  
  51  4:59  Starport  
  51  5:01  Stimpack  
  51  5:05  Combat Shield, Starport  
  51  5:06  Factory Tech Lab  
  51  5:08  Marauder  
  51  5:11  Terran Infantry Weapons Level 1  
  53  5:22  Marauder  
  55  5:30  Siege Tank  
  55  5:31  Supply Depot  
  55  5:35  Starport Tech Lab  
  58  5:38  Marauder, Factory Tech Lab  
  58  5:41  Starport Tech Lab  
  58  5:45  Marine  
  45  5:57  Viking  
  45  5:59  Marine  
  45  6:03  Marine  
  35  6:17  Marine  
Tags
 
Add a new tag
Caveats
  • Supply blocks, unpowered buildings, or Contaminate may cause inaccurate times.
  • Supply counts are checked every 10 seconds.